 Dungeon Crawl Stone Soup version 0.21-a0-529-g8c7b3f5d53 (webtiles) character file.

277 JackS81 the Changer (level 6, -7/47 HPs)
             Began as a Draconian Transmuter on Dec 10, 2017.
             Killed by divine providence
             ... invoked by an orc priest
              (12 damage)
             ... on level 4 of the Dungeon.
             The game lasted 00:12:55 (3564 turns).

JackS81 the Changer (Draconian Transmuter)          Turns: 3564, Time: 00:12:57

Health: -7/47      AC:  2    Str: 12    XL:     6   Next: 4%
Magic:  1/9        EV: 25    Int: 15    God:
Gold:   135        SH:  0    Dex: 22    Spells: 3/9 levels left

rFire    . . .     SeeInvis .     - Unarmed
rCold    . . .     Gourm    .   (shield currently unavailable)
rNeg     . . .     Faith    .   (armour unavailable)
rPois    x         Spirit   .   (helmet currently unavailable)
rElec    .         Reflect  .   (cloak currently unavailable)
rCorr    .         Harm     .   (gloves currently unavailable)
MR       .....     Rnd*Tele +   (boots currently unavailable)
Stlth    +++.......             (no amulet)
HPRegen  0.15/turn              k - ring of flight
MPRegen  0.11/turn              l - ring of teleportation (curse)

@: agile, spider-form (expiring)
A: tiny, unfitting armour, AC +6
a: End Transformation, Evoke Flight


You were on level 4 of the Dungeon.
You were near starving.
You were a venomous arachnid creature.
You visited 1 branch of the dungeon, and saw 4 of its levels.

You collected 135 gold pieces.

Inventory:

Missiles
 a - 37 arrows
 i - 18 poisoned needles
 n - 8 tomahawks (quivered)
 q - 54 bolts
 u - 5 javelins
Armour
 A - a +0 pair of boots
Jewellery
 k - a ring of flight (left front leg)
 l - a cursed ring of teleportation (right front leg)
Wands
 r - a wand of iceblast (8)
 v - a wand of flame (5)
Scrolls
 d - 5 scrolls of teleportation
 h - 4 scrolls of identify
 t - a scroll of fear {unknown}
 w - 3 scrolls of amnesia {unknown}
Potions
 f - a potion of brilliance {unknown}
 g - a potion of invisibility {unknown}
 j - a potion of heal wounds {unknown}
 o - a potion of might {unknown}
 p - a potion of flight {unknown}
 s - a potion of berserk rage {unknown}
 x - a potion of agility
 z - a potion of lignification {unknown}
 B - a potion of magic {unknown}
Books
 b - a book of Changes

   Spells                             Type                      Level
   a - Beastly Appendage              Transmutation                1
   b - Sticks to Snakes               Transmutation                2
   c - Spider Form                    Transmutation/Poison         3
   d - Ice Form                       Ice/Transmutation            4
   e - Blade Hands                    Transmutation                5
Comestibles
 c - 3 bread rations
 m - a royal jelly


   Skills:
 + Level 1.2 Fighting
 * Level 2.1 Dodging
 + Level 4.0 Unarmed Combat
 + Level 2.2 Spellcasting
 * Level 5.1 Transmutations
 - Level 1.1 Poison Magic
 * Level 0.3 Evocations


You had 3 spell levels left.
You knew the following spells:

 Your Spells              Type           Power        Failure   Level  Hunger
a - Beastly Appendage     Tmut           ###...       10%         1    #......
b - Spider Form           Tmut/Pois      ##........   38%         3    ###....
c - Sticks to Snakes      Tmut           ###.....     12%         2    ###....


Dungeon Overview and Level Annotations

Branches:
Dungeon (4/15)
 Temple: D:4-7

Altars:
Xom

Shops:
D:4 [


Innate Abilities, Weirdness & Mutations

((Your plain brown scales are hard. (AC +6)))
You cannot fit into any form of body armour.
((You are cold-blooded and may be slowed by cold attacks.))


Message History

Something hits you.
* * * LOW HITPOINT WARNING * * *
Your transformation is almost over.
Something hits your adder. The orc priest closely misses you.
The gnoll hits your adder with a club.
The orc priest barely misses your adder.
The gnoll hits you from afar with a spear.
* * * LOW HITPOINT WARNING * * *
Casting: Spider Form
Confirm with . or Enter, or press ? or * to list all spells.
You create a snake!
You now have 37 arrows.
Something closely misses your adder. The orc priest misses your adder.
The gnoll completely misses you.
You swap places.
The gnoll hits your adder with a club.
Your adder dies!
Something hits your ball python.
Your ball python dies!
The orc priest calls down the wrath of Beogh upon you.
Beogh smites you!
You die...

#... # #...# ### #...#
#.......#
..#####...############.......#
..............................
..# #.........######.......#
#.#####......∩..# ####........
#...............###o........#
#............)..s...g.[.....#
#.......##+########g......#
#.......# #.......# ........#
#.......# ##...#### #########
......# #.....###..
............ #.###..###+#


You could see an orc priest and 2 gnolls.

Vanquished Creatures
  The ghost of Brujo888 the Twirler, an amateur MiGl (D:3)
  Ijyb (D:3)
  Terence (D:3)
  A worker ant (D:4)
  A hound skeleton (D:4)
  A howler monkey skeleton (D:2)
  3 adders (D:3)
  2 oozes (D:4)
  3 worms
  2 leopard geckos
  2 orcs
  2 ball pythons (D:2)
  A giant cockroach (D:2)
  3 goblins
  9 hobgoblins
  2 jackals (D:1)
  7 kobolds
  2 quokkas
  9 bats
  10 frilled lizards
  4 rats
67 creatures vanquished.

Vanquished Creatures (collateral kills)
  An adder (D:4)
  A gnoll (D:4)
  2 bats (D:3)
4 creatures vanquished.

Grand Total: 71 creatures vanquished

Notes
Turn   | Place    | Note
-------+----------+-------------------------------------------
     0 | D:1      | JackS81 the Draconian Transmuter began the quest for the Orb.
     0 | D:1      | Reached XP level 1. HP: 16/16 MP: 3/3
   120 | D:1      | Reached XP level 2. HP: 23/23 MP: 3/5
   718 | D:2      | Reached XP level 3. HP: 21/28 MP: 6/6
   725 | D:2      | Learned a level 3 spell: Spider Form
  1340 | D:2      | Reached skill level 3 in Transmutations
  1653 | D:3      | Noticed Ijyb
  1666 | D:3      | Killed Ijyb
  1666 | D:3      | Reached skill level 1 in Poison Magic
  1666 | D:3      | Reached XP level 4. HP: 33/35 MP: 4/7
  1871 | D:3      | Noticed Brujo888's ghost (amateur MiGl)
  1884 | D:3      | Learned a level 2 spell: Sticks to Snakes
  1923 | D:3      | Killed Brujo888's ghost
  1923 | D:3      | Reached skill level 4 in Transmutations
  1923 | D:3      | Reached XP level 5. HP: 5/40 MP: 1/8
  2290 | D:3      | Noticed Terence
  2307 | D:3      | Killed Terence
  2352 | D:3      | Found a faded altar of an unknown god.
  3256 | D:4      | Found a shimmering altar of Xom.
  3264 | D:4      | Reached skill level 5 in Transmutations
  3491 | D:4      | Found Eqidota's Antique Armour Emporium.
  3538 | D:4      | Reached XP level 6. HP: 47/47 MP: 3/9
  3564 | D:4      | Killed from afar by an orc priest

Vault maps used:
D:1:      scummos_arrival_forest
D:2:      first_bread, minivault_25
D:3:      chequers_ecumenical_altar_simple, roderic_serpentine_path, uniq_ijyb,
          uniq_terence
D:4:      lemuel_crystal_altar, serial_shops, shop, uniq_menkaure

Skill      XL: |  1  2  3  4  5 |
---------------+----------------+-----
Unarmed Combat | 4 |  4.0
Transmutations | 3 4 5 |  5.1
Poison Magic   | 1 |  1.1
Dodging        | 2 |  2.1
Fighting       | |  1.2
Spellcasting   | |  2.2
Evocations     | |  0.3

Action                   |  1- 3 |  4- 6 || total
-------------------------+-------+-------++-------
Melee: Unarmed           |   124 |   111 ||   235
       Tailslap          |    15 |    10 ||    25
       Kick              |     9 |     6 ||    15
       Headbutt          |     2 |     4 ||     6
       Punch             |     3 |       ||     3
 Cast: Beastly Appendage |    27 |    12 ||    39
       Spider Form       |     1 |     5 ||     6
       Sticks to Snakes  |       |     8 ||     8
Evoke: Wand              |       |     3 ||     3
  Use: Scroll            |       |     4 ||     4
       Potion            |       |     1 ||     1
  Eat: Chunk             |     3 |     6 ||     9
Armor: Skin              |    42 |    22 ||    64
Dodge: Dodged            |    89 |    95 ||   184

Table legend:
 A = Spawn XP
 B = Non-spawn XP
 C = Spawn XP percentage of total XP
 D = Spawn monster count
 E = Non-spawn monster count
 F = Spawn count percentage of total count
 G = Total turns spent on level
                    A         B        C        D         E        F      G
               +---------+---------+-------+---------+---------+-------+---------
         Total |       0 |     397 |   0.0 |       0 |      71 |   0.0 |  3564
               +---------+---------+-------+---------+---------+-------+---------
           D:1 |       0 |      28 |   0.0 |       0 |      18 |   0.0 |   702
           D:2 |       0 |      63 |   0.0 |       0 |      27 |   0.0 |   933
           D:3 |       0 |     213 |   0.0 |       0 |      18 |   0.0 |  1591
           D:4 |       0 |      93 |   0.0 |       0 |       8 |   0.0 |   338
               +---------+---------+-------+---------+---------+-------+---------
